TOP OF THE 1ST |
Bristol Bees batting - Pitching for Waynesboro Braves : RHP Roberto Carrero
|
Pitching: RHP Roberto Carrero
|
|
Batting: RHB Tracy Jones
|
0-0: Called Strike 0-1: Swinging Strike 0-2: Ball 1-2: Foul Ball, location: 2F 1-2: SINGLE (Line Drive, 3D, EV 95.0 MPH)
|
Batting: SHB Stan Jefferson
|
0-0: Ball Wild Pitch! Tracy Jones to second 1-0: Ball 2-0: Fly out, F6 (Popup, 25, EV 82.5 MPH)
|
Batting: LHB Joe Orsulak
|
0-0: Swinging Strike 0-1: Ball 1-1: Fly out, F8 (Flyball, 89M, EV 91.9 MPH)
|
Batting: SHB Dale Sveum
|
0-0: Called Strike 0-1: Swinging Strike 0-2: Ball 1-2: Foul Ball, location: 2F 1-2: 2-RUN HOME RUN (Flyball, 8RXD, EV 95.0 MPH), Distance : 453 ft
|
Batting: RHB Jerome Kovar
|
0-0: Fly out, F7 (Flyball, 78S, EV 91.3 MPH)
|
Top of the 1st over - 2 runs, 2 hits, 0 errors, 0 left on base; Bristol 2 - Waynesboro 0 |
BOTTOM OF THE 1ST |
Waynesboro Braves batting - Pitching for Bristol Bees : RHP Floyd Youmans
|
Pitching: RHP Floyd Youmans
|
|
Batting: RHB Tony Woods
|
0-0: Called Strike 0-1: Ground out 6-3 (Groundball, 6, EV 105.6 MPH)
|
Batting: RHB Sam Khalifa
|
0-0: Ball 1-0: Ball 2-0: Ground out 4-3 (Groundball, 34, EV 75.6 MPH)
|
Batting: RHB Hank Landers
|
0-0: Ball 1-0: Ball 2-0: Ball 3-0: Called Strike 3-1: Base on Balls
|
Batting: RHB Bob Calley
|
0-0: Ball 1-0: Foul Ball, location: 2F 1-1: Fly out, F7 (Flyball, 7, EV 78.8 MPH)
|
Bottom of the 1st over - 0 runs, 0 hits, 0 errors, 1 left on base; Bristol 2 - Waynesboro 0 |
TOP OF THE 2ND |
Bristol Bees batting - Pitching for Waynesboro Braves : RHP Roberto Carrero
|
Batting: SHB Bernie Tatis
|
0-0: Ball 1-0: Ball 2-0: Ball 3-0: Base on Balls
|
Batting: LHB Doug Snyder
|
0-0: Called Strike 0-1: Ball 1-1: SINGLE (Line Drive, 5D, EV 103.8 MPH) Bernie Tatis to second
|
Batting: RHB Glenallen Hill
|
0-0: Foul Ball, location: 2F 0-1: Ball 1-1: SINGLE (Flyball, 4D, EV 82.5 MPH) Bernie Tatis to third Doug Snyder to second
|
Batting: RHB Juan Burgos
|
0-0: Ball 1-0: Foul Ball, location: 2F 1-1: Ball 2-1: Foul Ball, location: 2F 2-2: SINGLE (Groundball, 34D, EV 103.1 MPH) (infield hit) Bernie Tatis scores Doug Snyder to third Glenallen Hill to second
|
Batting: RHB Tracy Jones
|
0-0: Ball Wild Pitch! Doug Snyder scores Glenallen Hill to third Juan Burgos to second 1-0: Ground out 6-3 (Groundball, 6, EV 107.5 MPH) Glenallen Hill scores
|
Batting: SHB Stan Jefferson
|
0-0: Called Strike 0-1: Foul Ball, location: 2F 0-2: Foul Ball, location: 2F 0-2: Ground out 6-3 (Groundball, 56D, EV 85.0 MPH)
|
Batting: LHB Joe Orsulak
|
0-0: Fly out, F8 (Flyball, 8RM, EV 78.8 MPH)
|
Top of the 2nd over - 3 runs, 3 hits, 0 errors, 1 left on base; Bristol 5 - Waynesboro 0 |
BOTTOM OF THE 2ND |
Waynesboro Braves batting - Pitching for Bristol Bees : RHP Floyd Youmans
|
Batting: RHB Rey Palacios
|
0-0: Ball 1-0: Called Strike 1-1: Ball 2-1: Swinging Strike 2-2: Foul Ball, location: 2F 2-2: Ground out 4-3 (Groundball, 4, EV 85.0 MPH)
|
Batting: LHB Kevin Aitcheson
|
0-0: Ball 1-0: Foul Ball, location: 2F 1-1: Ball 2-1: Foul Ball, location: 2F 2-2: Ball 3-2: Foul Ball, location: 2F 3-2: Base on Balls
|
Batting: RHB Angelo Bruno
|
0-0: Called Strike 0-1: Ball 1-1: Ball 2-1: Ball Wild Pitch! Kevin Aitcheson to second 3-1: Fly out, F7 (Flyball, 7S, EV 90.6 MPH)
|
Batting: RHB Thomas Walker
|
0-0: Swinging Strike 0-1: Ball 1-1: Ball 2-1: Ball 3-1: Swinging Strike 3-2: Foul Ball, location: 2F 3-2: Foul Ball, location: 2F 3-2: Strikes out swinging
|
Bottom of the 2nd over - 0 runs, 0 hits, 0 errors, 1 left on base; Bristol 5 - Waynesboro 0 |
TOP OF THE 3RD |
Bristol Bees batting - Pitching for Waynesboro Braves : RHP Roberto Carrero
|
Batting: SHB Dale Sveum
|
0-0: Called Strike 0-1: SINGLE (Line Drive, 6MD, EV 95.6 MPH)
|
Batting: RHB Jerome Kovar
|
0-0: Ball 1-0: Ball 2-0: Fielders Choice at 2nd, 5-4 (Groundball, 5L, EV 102.5 MPH)
|
Batting: SHB Bernie Tatis
|
0-0: Called Strike 0-1: Ball 1-1: Called Strike 1-2: Ball 2-2: SINGLE (Line Drive, 6M, EV 102.5 MPH) Jerome Kovar to second Jerome Kovar to third
|
Batting: LHB Doug Snyder
|
0-0: Foul Ball, location: 2F 0-1: Ball 1-1: Ball Bernie Tatis is caught stealing 2nd base 2-6 2-1: Foul Ball, location: 2F 2-2: Ball 3-2: Base on Balls
|
Batting: RHB Glenallen Hill
|
0-0: Called Strike 0-1: Ball 1-1: Foul Ball, location: 2F 1-2: Ball 2-2: Ball 3-2: 3-RUN HOME RUN (Flyball, 7D, EV 96.9 MPH), Distance : 387 ft
|
Pitching: RHP Mike Norment
|
|
Batting: RHB Juan Burgos
|
0-0: Swinging Strike 0-1: Ground out 6-3 (Groundball, 6, EV 82.5 MPH)
|
Top of the 3rd over - 3 runs, 3 hits, 0 errors, 0 left on base; Bristol 8 - Waynesboro 0 |
BOTTOM OF THE 3RD |
Waynesboro Braves batting - Pitching for Bristol Bees : RHP Floyd Youmans
|
Batting: RHB Juan Velazquez
|
0-0: Called Strike 0-1: Ball 1-1: Ball 2-1: Fly out, F9 (Flyball, 89S, EV 75.0 MPH)
|
Batting: RHB Tony Woods
|
0-0: Ball 1-0: Called Strike 1-1: Ball 2-1: Foul Ball, location: 2F 2-2: SINGLE (Groundball, 25, EV 68.1 MPH) (infield hit)
|
Batting: RHB Sam Khalifa
|
0-0: Called Strike 0-1: Ball 1-1: Swinging Strike 1-2: Ball 2-2: Ball 3-2: Foul Ball, location: 2F 3-2: SINGLE (Line Drive, 56D, EV 99.4 MPH) Tony Woods to second
|
Batting: RHB Hank Landers
|
0-0: Called Strike 0-1: Called Strike 0-2: Foul Ball, location: 2F 0-2: Ball 1-2: Strikes out swinging
|
Batting: RHB Bob Calley
|
0-0: Called Strike 0-1: Ball 1-1: Ball 2-1: SINGLE (Flyball, 6MD, EV 90.6 MPH) Tony Woods to third Sam Khalifa to second Runner from 3rd tries for Home, SAFE, throw by CF to home
|
Batting: RHB Rey Palacios
|
0-0: Foul Ball, location: 2F 0-1: Fly out, F9 (Flyball, 9, EV 97.5 MPH)
|
Bottom of the 3rd over - 1 run, 3 hits, 0 errors, 2 left on base; Bristol 8 - Waynesboro 1 |
TOP OF THE 4TH |
Bristol Bees batting - Pitching for Waynesboro Braves : RHP Mike Norment
|
Batting: RHB Tracy Jones
|
0-0: Ball 1-0: SINGLE (Groundball, 6MD, EV 100.6 MPH)
|
Batting: SHB Stan Jefferson
|
0-0: SINGLE (Line Drive, 78S, EV 94.4 MPH) Tracy Jones to second
|
Batting: LHB Joe Orsulak
|
0-0: Fly out, F9 (Flyball, 9S, EV 89.4 MPH)
|
Batting: SHB Dale Sveum
|
0-0: DOUBLE (Line Drive, 78D, EV 105.0 MPH) Tracy Jones scores Stan Jefferson to third Runner from 3rd tries for Home, SAFE, no throw by LF
|
Batting: RHB Jerome Kovar
|
0-0: Called Strike 0-1: Ball 1-1: Ball Wild Pitch! Dale Sveum to third 2-1: Foul Ball, location: 2F 2-2: Ball 3-2: Foul Ball, location: 2F 3-2: DOUBLE (Groundball, 5L, EV 97.5 MPH) Dale Sveum scores
|
Batting: SHB Bernie Tatis
|
0-0: Ground out 4-3 (Groundball, 4, EV 100.6 MPH) Jerome Kovar to third
|
Batting: LHB Doug Snyder
|
0-0: Ball 1-0: Foul Ball, location: 2F 1-1: Ball 2-1: Foul Ball, location: 2F 2-2: Ball Wild Pitch! Jerome Kovar scores 3-2: Base on Balls
|
Batting: RHB Glenallen Hill
|
0-0: Fly out, F9 (Flyball, 89D, EV 103.8 MPH)
|
Top of the 4th over - 4 runs, 4 hits, 0 errors, 1 left on base; Bristol 12 - Waynesboro 1 |
BOTTOM OF THE 4TH |
Waynesboro Braves batting - Pitching for Bristol Bees : RHP Floyd Youmans
|
Batting: LHB Kevin Aitcheson
|
0-0: Ground out U3 (Groundball, 3, EV 106.3 MPH)
|
Batting: RHB Angelo Bruno
|
0-0: Ball 1-0: Ball 2-0: Foul Ball, location: 2F 2-1: Ball 3-1: Foul Ball, location: 2F 3-2: Foul Ball, location: 2F 3-2: Fly out, F8 (Line Drive, 8RM, EV 94.4 MPH)
|
Batting: RHB Thomas Walker
|
0-0: TRIPLE (Flyball, 89XD, EV 101.9 MPH)
|
Batting: RHB Juan Velazquez
|
0-0: Ball 1-0: Called Strike 1-1: Ball 2-1: Called Strike 2-2: Strikes out swinging
|
Bottom of the 4th over - 0 runs, 1 hit, 0 errors, 1 left on base; Bristol 12 - Waynesboro 1 |
TOP OF THE 5TH |
Bristol Bees batting - Pitching for Waynesboro Braves : RHP Mike Norment
|
Batting: RHB Juan Burgos
|
0-0: Called Strike 0-1: Swinging Strike 0-2: Foul Ball, location: 2F 0-2: Ball 1-2: Foul Ball, location: 2F 1-2: Ground out 4-3 (Groundball, 4M, EV 108.8 MPH)
|
Batting: RHB Tracy Jones
|
0-0: Fly out, F7 (Flyball, 7LD, EV 103.8 MPH)
|
Batting: SHB Stan Jefferson
|
0-0: Ball 1-0: Ball 2-0: SINGLE (Line Drive, 7S, EV 100.6 MPH)
|
Batting: LHB Joe Orsulak
|
0-0: Ball 1-0: Swinging Strike 1-1: Ball 2-1: Swinging Strike 2-2: SINGLE (Line Drive, 7LS, EV 108.1 MPH) Stan Jefferson to second
|
Batting: SHB Dale Sveum
|
0-0: Called Strike 0-1: Swinging Strike 0-2: Fly out, F8 (Line Drive, 8LD, EV 94.4 MPH)
|
Top of the 5th over - 0 runs, 2 hits, 0 errors, 2 left on base; Bristol 12 - Waynesboro 1 |
BOTTOM OF THE 5TH |
Waynesboro Braves batting - Pitching for Bristol Bees : RHP Floyd Youmans
|
Batting: RHB Tony Woods
|
0-0: Ball 1-0: Ball 2-0: Ball 3-0: Called Strike 3-1: Base on Balls
|
Batting: RHB Sam Khalifa
|
0-0: Called Strike Tony Woods steals 2nd base (no throw) 0-1: SINGLE (Line Drive, 89S, EV 108.1 MPH) Tony Woods to third Runner from 3rd tries for Home, SAFE, throw by CF to home Sam Khalifa to second
|
Batting: RHB Hank Landers
|
0-0: Called Strike 0-1: Fly out, F3 (Popup, 3SF, EV 81.9 MPH)
|
Batting: RHB Bob Calley
|
0-0: Ball 1-0: Ball 2-0: Ball 3-0: Called Strike 3-1: Base on Balls
|
Batting: RHB Rey Palacios
|
0-0: Reached on error, E7 (Flyball, 7S, EV 92.5 MPH) Sam Khalifa to third Bob Calley to second
|
Batting: LHB Kevin Aitcheson
|
0-0: Fly out, F9 (Flyball, 9LM, EV 98.1 MPH) Runner from 3rd tags up, SCORES, throw by RF Bob Calley to third
|
Batting: RHB Angelo Bruno
|
0-0: SINGLE (Groundball, 6MD, EV 103.8 MPH) Bob Calley scores Rey Palacios to second
|
Batting: RHB Thomas Walker
|
0-0: Swinging Strike 0-1: Foul Ball, location: 2F 0-2: Strikes out swinging
|
Bottom of the 5th over - 3 runs, 2 hits, 1 error, 2 left on base; Bristol 12 - Waynesboro 4 |
TOP OF THE 6TH |
Bristol Bees batting - Pitching for Waynesboro Braves : RHP Mike Norment
|
Batting: RHB Jerome Kovar
|
0-0: Ball 1-0: Ground out 5-3 (Groundball, 56S, EV 93.1 MPH)
|
Batting: SHB Bernie Tatis
|
0-0: Fly out, F8 (Flyball, 8RD, EV 109.4 MPH)
|
Batting: LHB Doug Snyder
|
0-0: Called Strike 0-1: Ball 1-1: SINGLE (Line Drive, 89S, EV 106.3 MPH)
|
Batting: RHB Glenallen Hill
|
0-0: Called Strike 0-1: Ball 1-1: Fly out, F3 (Popup, 3F, EV 63.8 MPH)
|
Top of the 6th over - 0 runs, 1 hit, 0 errors, 1 left on base; Bristol 12 - Waynesboro 4 |
BOTTOM OF THE 6TH |
Waynesboro Braves batting - Pitching for Bristol Bees : RHP Floyd Youmans
|
Batting: RHB Juan Velazquez
|
0-0: Called Strike 0-1: Called Strike 0-2: Ball 1-2: Foul Ball, location: 2F 1-2: SINGLE (Groundball, 25, EV 75.0 MPH) (infield hit)
|
Batting: RHB Tony Woods
|
0-0: Ball 1-0: Foul Ball, location: 2F 1-1: Fly out, F8 (Flyball, 8LM, EV 88.1 MPH)
|
Batting: RHB Sam Khalifa
|
0-0: Ball 1-0: Called Strike 1-1: Foul Ball, location: 2F 1-2: Foul Ball, location: 2F 1-2: TRIPLE (Flyball, 9D, EV 85.6 MPH) Juan Velazquez scores
|
Batting: RHB Hank Landers
|
0-0: Swinging Strike 0-1: Swinging Strike 0-2: Ball 1-2: Strikes out looking
|
Batting: RHB Bob Calley
|
0-0: Called Strike 0-1: Ball Wild Pitch! Sam Khalifa scores 1-1: Ground out 6-3 (Groundball, 6MD, EV 93.8 MPH)
|
Bottom of the 6th over - 2 runs, 2 hits, 0 errors, 0 left on base; Bristol 12 - Waynesboro 6 |
TOP OF THE 7TH |
Bristol Bees batting - Pitching for Waynesboro Braves : RHP Mike Norment
|
Batting: RHB Juan Burgos
|
0-0: Called Strike 0-1: Called Strike 0-2: Ball 1-2: Ball 2-2: DOUBLE (Line Drive, 89M, EV 92.5 MPH)
|
Batting: RHB Tracy Jones
|
0-0: Ball 1-0: Foul Ball, location: 2F 1-1: Swinging Strike 1-2: Ball Wild Pitch! Juan Burgos to third 2-2: SINGLE (Groundball, 34D, EV 104.4 MPH) Juan Burgos scores
|
Batting: SHB Stan Jefferson
|
0-0: Fielders Choice at 2nd, 3-6 (Groundball, 34S, EV 85.0 MPH)
|
Pinch Hitting: LHB Kevin Stanley
|
0-0: Ball 1-0: Ball 2-0: Foul Ball, location: 2F 2-1: Ball 3-1: SINGLE (Groundball, 6D, EV 103.8 MPH) Stan Jefferson to second
|
Pitching: RHP Hollis Martin
|
|
Pinch Hitting: SHB Timothy Gourlay
|
0-0: Ball 1-0: Ball 2-0: Fielders Choice at 2nd, 3-6 (Groundball, 3, EV 83.8 MPH) Stan Jefferson to third
|
Batting: RHB Jerome Kovar
|
0-0: Fielders Choice at 2nd, 5-4 (Groundball, 5L, EV 81.3 MPH)
|
Top of the 7th over - 1 run, 3 hits, 0 errors, 2 left on base; Bristol 13 - Waynesboro 6 |
BOTTOM OF THE 7TH |
Waynesboro Braves batting - Pitching for Bristol Bees : RHP Floyd Youmans
|
Pitching: RHP Dar Smith
|
|
Now at 2B: Timothy Gourlay
|
|
Now in RF: Kevin Wiggins
|
|
Batting: RHB Rey Palacios
|
0-0: Called Strike 0-1: Ball 1-1: Swinging Strike 1-2: Fly out, F9 (Flyball, 9LD, EV 104.4 MPH)
|
Pinch Hitting: RHB Stanley Palmore
|
0-0: Ball 1-0: Called Strike 1-1: Ball 2-1: Swinging Strike 2-2: Strikes out looking
|
Pinch Hitting: RHB Michael Buckley
|
0-0: Called Strike 0-1: Ball 1-1: Foul Ball, location: 2F 1-2: Ground out 1-3 (Groundball, 25, EV 63.1 MPH)
|
Bottom of the 7th over - 0 runs, 0 hits, 0 errors, 0 left on base; Bristol 13 - Waynesboro 6 |
TOP OF THE 8TH |
Bristol Bees batting - Pitching for Waynesboro Braves : RHP Hollis Martin
|
Now at SS: Michael Buckley
|
|
Now in RF: Arturo Rosales
|
|
Pinch Hitting: RHB Sergio Perez
|
0-0: SINGLE (Flyball, 8LS, EV 92.5 MPH)
|
Pinch Hitting: RHB Luis Gonzalez
|
0-0: Ball 1-0: Called Strike 1-1: Ball 2-1: Ball Wild Pitch! Sergio Perez to second 3-1: Foul Ball, location: 2F 3-2: Ground out 3-1 (Groundball, 34, EV 78.1 MPH) Sergio Perez to third
|
Pinch Hitting: RHB Bob Bruzik
|
0-0: Ball 1-0: Swinging Strike 1-1: Foul Ball, location: 2F 1-2: Ground out U3 (Groundball, 34S, EV 76.9 MPH) Sergio Perez scores
|
Batting: RHB Juan Burgos
|
0-0: Called Strike 0-1: Ball 1-1: Ground out U3 (Groundball, 13, EV 80.0 MPH)
|
Top of the 8th over - 1 run, 1 hit, 0 errors, 0 left on base; Bristol 14 - Waynesboro 6 |
BOTTOM OF THE 8TH |
Waynesboro Braves batting - Pitching for Bristol Bees : RHP Dar Smith
|
Now at 1B: Miguel Fich
|
|
Now at 3B: Sergio Perez
|
|
Now in RF: Bob Bruzik
|
|
Pinch Hitting: LHB Christopher Serazio
|
0-0: Ball 1-0: Called Strike 1-1: Called Strike 1-2: Ball 2-2: Ball 3-2: Foul Ball, location: 2F 3-2: Ground out 6-3 (Groundball, 6, EV 90.6 MPH)
|
Pinch Hitting: RHB Talbot Aiello
|
0-0: Ground out 3-1 (Groundball, 34, EV 81.9 MPH)
|
Pinch Hitting: RHB Mike Colpitt
|
0-0: Ball 1-0: Ground out 6-3 (Groundball, 6, EV 105.6 MPH)
|
Bottom of the 8th over - 0 runs, 0 hits, 0 errors, 0 left on base; Bristol 14 - Waynesboro 6 |
TOP OF THE 9TH |
Bristol Bees batting - Pitching for Waynesboro Braves : RHP Hollis Martin
|
Now at 3B: Mike Colpitt
|
|
Now in LF: Talbot Aiello
|
|
Now in RF: Christopher Serazio
|
|
Pinch Hitting: RHB Danny Simpson
|
0-0: Ball 1-0: Fly out, F4 (Flyball, 4D, EV 76.9 MPH)
|
Batting: SHB Stan Jefferson
|
0-0: Fly out, F1 (Line Drive, P, EV 67.5 MPH)
|
Pinch Hitting: RHB Jason Jackson
|
0-0: Ball 1-0: Foul Ball, location: 2F 1-1: Ball 2-1: Foul Ball, location: 2F 2-2: Hit by Pitch
|
Batting: SHB Timothy Gourlay
|
0-0: Ball 1-0: Called Strike 1-1: Ball Wild Pitch! Jason Jackson to second 2-1: Ball 3-1: Swinging Strike 3-2: Base on Balls
|
Pinch Hitting: RHB Armando Flores
|
0-0: Ball 1-0: Foul Ball, location: 2F 1-1: Fly out, F8 (Flyball, 8RS, EV 78.1 MPH)
|
Top of the 9th over - 0 runs, 0 hits, 0 errors, 2 left on base; Bristol 14 - Waynesboro 6 |
BOTTOM OF THE 9TH |
Waynesboro Braves batting - Pitching for Bristol Bees : RHP Dar Smith
|
Now at C: Armando Flores
|
|
Now in LF: Danny Simpson
|
|
Now in CF: Jason Jackson
|
|
Pinch Hitting: LHB Keith Ross
|
0-0: Called Strike 0-1: Ball 1-1: Foul Ball, location: 2F 1-2: Ball 2-2: Ball 3-2: Foul Ball, location: 2F 3-2: Foul Ball, location: 2F 3-2: Strikes out swinging
|
Pinch Hitting: RHB Danny Chapa
|
0-0: Swinging Strike 0-1: Ball 1-1: Fly out, F7 (Flyball, 7, EV 91.3 MPH)
|
Pinch Hitting: RHB Jorge Llano
|
0-0: Ball 1-0: Ground out 6-3 (Groundball, 6, EV 80.0 MPH)
|
Bottom of the 9th over - 0 runs, 0 hits, 0 errors, 0 left on base; Bristol 14 - Waynesboro 6 |
|